AoeStats
← schmeno

Oasis

507835666Analyzed
3v3 RM · 14d ago on Sep 19, 2026· 31m 53s· 6 players
Game mode
Random Map
Map size
Normal (6 player)
Population
200
Speed
Normal
Resources
Standard
Victory
Conquest
Starting age
Dark Age
Ending age
Imperial Age
RankedLock teamsTeams togetherTeam positionsShared explorationLock speedFull tech treeHidden civsTurbo modeCheats
Victory
Defeat
🇺🇸 Mongols · United States
1245
+15
🇺🇸 Jurchens · United States
1203
+16
🇺🇸 Franks · United States
1161
+18
🇦🇷 Lithuanians · Argentina
1243
-18
🇦🇷 Khmer · Argentina
1205
-16
🇦🇷 Persians · Argentina
1189
-15
Deputy Dong
10:51 Feudal Age
14:55 Castle Age
12:47 Double-Bit Axe
13:58 Horse Collar
14:22 Fletching
16:11 Bow Saw
16:57 Heavy Plow
20:20 Padded Archer Armor
21:55 Ballistics
21:44 Bodkin Arrow
23:58 Leather Archer Armor
24:56 Wheelbarrow
24:08 Loom
25:58 Bloodlines
25:49 Husbandry
27:51 Thumb Ring
31:46 Imperial Age
Tired Cock
11:13 Feudal Age
15:01 Castle Age
14:06 Horse Collar
16:46 Bloodlines
16:37 Husbandry
16:47 Scale Barding Armor
28:51 Forging
28:30 Loom
29:55 Chain Barding Armor
schmeno
6:25 Loom
9:08 Feudal Age
9:45 Double-Bit Axe
15:45 Forging
21:03 Castle Age
21:23 Stone Mining
21:56 Bow Saw
24:48 Fletching
29:14 Imperial Age
27:12 Scale Mail Armor
28:47 Gold Mining
29:40 Bodkin Arrow
31:01 Chemistry
Tony
6:22 Loom
9:38 Feudal Age
14:10 Castle Age
13:25 Double-Bit Axe
19:44 Horse Collar
24:03 Wheelbarrow
24:09 Bow Saw
25:09 Scale Barding Armor
26:08 Bloodlines
25:59 Husbandry
27:43 Forging
29:02 Scale Mail Armor
28:59 Fletching
28:59 Elite Skirmisher
SalvadorLimones
4:55 Loom
11:11 Feudal Age
21:04 Castle Age
20:03 Stone Mining
20:22 Horse Collar
23:59 Double-Bit Axe
26:40 Bow Saw
28:06 Wheelbarrow
27:55 Gold Mining
30:33 Scale Mail Armor
30:43 Forging
AAOE | Cosita44
3:33 Loom
10:41 Feudal Age
15:26 Castle Age
15:27 Double-Bit Axe
16:42 Horse Collar
21:13 Town Watch
23:27 Padded Archer Armor
23:40 Fletching
23:43 Elite Skirmisher
31:30 Wheelbarrow
Connection lost

Rejoining the realm…

Still unreachable

The connection could not be restored.

Session expired

The server has moved on; the page needs a fresh start.